 Dungeon Crawl Stone Soup version 0.30.1-11-g7821555f0a (webtiles) character file.

Game seed: 6517345300877432458

41262 Didimus the Thaumaturge (level 14, -12/100 HPs)
             Began as a Human Ice Elementalist on Jan 6, 2024.
             Was a Follower of Ashenzari.
             Killed from afar by a deep elf pyromancer (30 damage)
             ... with a bolt of fire
             ... on level 1 of the Elven Halls.
             The game lasted 03:08:47 (15393 turns).

Didimus the Thaumaturge (Human Ice Elementalist)   Turns: 15393, Time: 03:08:48

Health: -12/100    AC: 24    Str: 13    XL:     14   Next: 49%
Magic:  11/30      EV: 22    Int: 23    God:    Ashenzari [*.....]
Gold:   49         SH: 11    Dex: 26    Spells: 16/38 levels left

rFire   . . .        s - +6 double sword (elec)
rCold   . . .        j - +0 buckler
rNeg    . . .        J - +0 acid dragon scales
rPois   .            k - +2 helmet "Esoteric Jealousy" {Int+3, Fort, Self} (curse)
rElec   .            b - +0 cloak
rCorr   +            (no gloves)
SInv    +            h - +0 pair of boots of Vanity {Int+4 Dex+4 SInv}
Will    +....        (no amulet)
Stlth   +++          q - +4 ring of protection
HPRegen 1.16/turn    I - ring "Eternal Together" {Dex+6, Cun, Evo} (curse)
MPRegen 0.22/turn

%: no passive effects
@: agile, lethally poisoned (-12 -> -15), ice-armoured
A: large bone plates 1, regeneration 1, strong 1
a: Renounce Religion, Shatter the Chains


You were on level 1 of the Elven Halls.
You worshipped Ashenzari.
Ashenzari was aware of your devotion.
You visited 4 branches of the dungeon, and saw 15 of its levels.

You collected 1585 gold pieces.
You spent 1536 gold pieces at shops.

Inventory:

Hand Weapons
 s - a +6 double sword of electrocution (weapon)
 K - a +6 scimitar of freezing
 T - the +8 bardiche of Quuri {speed, *Corrode rF+++ Str-2 Dex+3}
   (You found it on level 10 of the Dungeon)

   Str:       It affects your strength (-2).
   Dex:       It affects your dexterity (+3).
   rF:        It renders you almost immune to fire.
   *Corrode:  It may corrode you when you take damage.
Missiles
 y - 27 poisoned darts (quivered)
 C - 8 boomerangs
 N - 3 throwing nets
 O - 2 curare-tipped darts
Armour
 b - a +0 cloak (worn)
 h - the +0 pair of boots of Vanity (worn) {Int+4 Dex+4 SInv}
   (You acquired it on level 2 of the Orcish Mines)

   Int:       It affects your intelligence (+4).
   Dex:       It affects your dexterity (+4).
   SInv:      It lets you see invisible.
 j - a +0 buckler (worn)
 k - the cursed +2 helmet "Esoteric Jealousy" (worn) {Int+3, Fort, Self}
   (You acquired it on level 2 of the Dungeon)

   It has a curse which improves the following skills: Fortitude: Armour and
   Shields.
   Introspection: Fighting and Spellcasting.
 J - +0 acid dragon scales (worn)
 L - a +2 robe of willpower
Magical Staves
 w - a staff of cold
 z - a staff of conjuration
 B - a staff of air
 S - a staff of conjuration
Jewellery
 g - a ring of positive energy
 o - a ring of fire
 q - a +4 ring of protection (left hand)
 I - the cursed ring "Eternal Together" (right hand) {Dex+6, Cun, Evo}
   (You found it on level 8 of the Dungeon)

   [ring of dexterity]

   Dex:       It affects your dexterity (+6).
   It has a curse which improves the following skills: Cunning: Dodging and
   Stealth.
   Evocations: Evocations.
 R - a ring of flight
Wands
 a - a wand of flame (15)
 d - a wand of quicksilver (5)
 p - a wand of roots (16)
 r - a wand of paralysis (12)
 v - a wand of mindburst (21)
 P - a wand of polymorph (6)
Scrolls
 i - 3 scrolls of teleportation
 n - a scroll of immolation
 t - a scroll of vulnerability
 x - 2 scrolls of fear
 A - a scroll of silence
 D - 2 scrolls of summoning
 E - a scroll of fog
 F - a scroll of amnesia
Potions
 e - 2 potions of haste
 f - 4 potions of flight
 l - 4 potions of might
 m - 5 potions of brilliance
 u - a potion of mutation
 G - 2 potions of magic
Miscellaneous
 c - a box of beasts (inert)


   Skills:
 + Level 5.2(6.0) Fighting
 + Level 1.2(5.7) Short Blades
 + Level 9.0 Long Blades
 + Level 0.9 Staves
 + Level 5.0 Throwing
 + Level 4.6(5.4) Armour
 + Level 6.6(7.4) Dodging
 + Level 3.8(4.5) Stealth
 + Level 6.8(7.6) Shields
 + Level 0.3 Unarmed Combat
 + Level 12.2(12.9) Spellcasting
 + Level 2.9 Conjurations
 + Level 0.1 Hexes
 + Level 2.1 Summonings
 + Level 11.6 Ice Magic
 + Level 5.5 Earth Magic
 + Level 1.0(1.4) Evocations


You had 16 spell levels left.
You knew the following spells:

 Your Spells              Type           Power      Damage    Failure   Level
a - Freeze                Ice            100%       1d10      1%          1
b - Ozocubu's Armour      Ice            62%        N/A       1%          3
c - Frozen Ramparts       Ice            100%       1d16      1%          3
d - Sandblast             Erth           80%        2d17      1%          1
e - Stone Arrow           Conj/Erth      68%        3d11      4%          3
f - Tukima's Dance        Hex            15%        N/A       22%         3
g - Summon Ice Beast      Ice/Summ       46%        N/A       4%          4
h - Animate Armour        Summ/Erth      64%        N/A       16%         4

Your spell library contained the following spells:

 Spells                   Type           Power      Damage    Failure   Level
 Passwall                 Tmut/Erth      22%        N/A       3%          2
 Cigotuvi's Dreadful Rot  Necr/Pois/Air  28%        N/A       12%         2
 Sublimation of Blood     Necr           14%        N/A       12%         2
 Ignite Poison            Fire/Tmut/Pois 14%        N/A       22%         3
 Portal Projectile        Hex/Tloc       30%        N/A       22%         3
 Petrify                  Tmut/Erth      27%        N/A       24%         4
 Freezing Cloud           Conj/Ice/Air   18%        6-21      28%         5
 Borgnjor's Vile Clutch   Necr/Erth      13%        N/A       54%         5
 Irradiate                Conj/Tmut      10%        3d15      75%         5
 Iron Shot                Conj/Erth      17%        9d4       90%         6
 Alistair's Intoxication  Tmut/Pois      9%         N/A       91%         5
 Blade Hands              Tmut           7%         N/A       91%         5
 Eringya's Noxious Bog    Tmut/Pois      7%         N/A       100%        6


Dungeon Overview and Level Annotations

Branches:
Dungeon (11/15)            Temple (1/1) D:7             Orc (2/2) D:9
    Elf (1/3) Orc:2
   Lair: D:8-11

Altars:
Ashenzari
Cheibriados
Dithmenos
Elyvilon
Fedhas
Gozag
Hepliaklqana
Kikubaaqudgha
Makhleb
Nemelex Xobeh
Okawaru
Qazlal
Ru
Sif Muna
Trog
Uskayaw
Vehumet
Wu Jian
Xom
Yredelemnul
Zin
The Shining One

Shops:
D:1 :   D:2 =   D:4 *   D:10 *   Orc:2 *[!?

Annotations:
D:6 Dowan


Innate Abilities, Weirdness & Mutations

You are partially covered in large bone plates. (SH +4)
Your natural rate of healing is unusually fast.
Your muscles are strong. (Str +4, Int/Dex -1)


Message History

The deep elf knight is severely wounded.
Your surroundings suddenly seem different.
Your icy armour cracks and falls away as you move.
A +5 glaive of venom and a deep elf pyromancer come into view.
You block the +5 glaive of venom's attack.
An earth elemental comes into view.
Found 6 stones.
You block the +5 glaive of venom's attack.
The +5 glaive of venom attacks as you move away!
The +5 glaive of venom misses you.
You block the +5 glaive of venom's attack.
A +2 trident of freezing comes into view.
A water elemental comes into view.
You block the +2 trident of freezing's attack.
You block the +5 glaive of venom's attack.
The deep elf pyromancer casts a spell at you.
The sticky flame hits you but does no damage.
You are covered in liquid flames!
You slash the +5 glaive of venom!
The +5 glaive of venom is heavily damaged.
You are covered in liquid flames!
* * * LOW HITPOINT WARNING * * *
You are no longer on fire.
The +2 trident of freezing hits you but does no damage.
The +5 glaive of venom hits you.
* * * LOW HITPOINT WARNING * * *
You are poisoned.
The +2 trident of freezing misses you. The +5 glaive of venom misses you.
Casting: Ozocubu's Armour (safe; 1% risk of failure)
Confirm with . or Enter, or press ? or * to list all spells.
A film of ice covers your body!
You feel very sick.
The +2 trident of freezing hits you from afar.
* * * LOW HITPOINT WARNING * * *
The +2 trident of freezing freezes you.
* * * LOW HITPOINT WARNING * * *
The +5 glaive of venom hits you but does no damage.
The deep elf pyromancer casts a spell at you.
The bolt of fire hits you!!
You die...

EE3o....e..##..
..#
#############.#
....##
###.###.....###
###..............
...............#
#.#.#...E.....#
#.....e.......#
#.#......(..#
#..(@......#
#####...##.#
#(.## #..# #...
....# .....
.....# ...E...


You could see an earth elemental, a deep elf pyromancer and 2 dancing weapons.

Vanquished Creatures
  Josephine (Orc:2)
  Harold (D:10)
  2 ogre magi (Orc:2)
  Erica (D:8)
  A centaur warrior (D:10)
  10 two-headed ogres
  3 boulder beetles (D:11)
  An orc high priest (Orc:2)
  The ghost of TheBioAlchemist the Martial Artist, a novice GnTm of Qazlal (D:9)
  A deep elf knight (Elf:1)
  Amaemon (D:10)
  A deep troll (Orc:2)
  A deep elf archer (Elf:1)
  A deep elf pyromancer (Elf:1)
  A deep elf zephyrmancer (Elf:1)
  2 spectral boulder beetles (D:10)
  3 cyclopes
  A faun (shapeshifter) (D:10)
  A centaur zombie (D:10)
  A gargoyle (D:11)
  An orange demon (D:10)
  Maggie (D:10)
  An unseen horror (D:10)
  Psyche (D:10)
  4 centaur skeletons (D:10)
  An unseen horror zombie (D:10)
  A kobold demonologist (D:10)
  12 trolls
  A hornet (D:9)
  2 spectral black mambas (D:10)
  11 flying skulls (D:10)
  A ynoxinul (D:9)
  8 shadows
  A vampire (D:10)
  A basilisk (D:10)
  Grum (D:8)
  9 wraiths
  13 yaks
  An unseen horror simulacrum (D:10)
  4 vampire mosquitoes
  7 wargs
  Edmund (D:6)
  2 acid dragons
  2 water moccasins
  A hell hound (D:10)
  12 orc warriors
  A sky beast (D:8)
  A black bear (D:6)
  A boulder beetle simulacrum (D:10)
  A black mamba simulacrum (D:10)
  4 ice beasts
  21 ogres
  4 wolves (D:8)
  6 centaurs
  2 phantoms
  5 kobold brigands
  A bullfrog (D:8)
  A gnoll sergeant (D:6)
  A scorpion (D:5)
  5 wights (D:9)
  4 killer bees
  A gnoll bouda (D:7)
  9 jellies
  17 orc priests
  A hound (D:7)
  Terence (D:3)
  3 iguanas
  16 orc wizards
  A sleepcap (D:5)
  5 hell rats (D:10)
  16 gnolls
  6 adders
  A shadow imp (D:5)
  A white imp (D:6)
  2 worms (D:3)
  A dart slug (D:3)
  44 orcs
  6 ball pythons
  5 bats
  13 endoplasms
  3 giant cockroaches
  2 goblins (D:3)
  A hobgoblin (D:1)
  25 kobolds
  4 quokkas (D:2)
  6 frilled lizards
  6 rats
389 creatures vanquished.

Vanquished Creatures (collateral kills)
  A two-headed ogre (Orc:2)
  A centaur skeleton (D:10)
  2 wargs
  An orc warrior (Orc:1)
  2 ogres
  An orc priest (Orc:1)
  An orc wizard (Orc:1)
  A howler monkey zombie (D:10)
10 creatures vanquished.

Grand Total: 399 creatures vanquished

Notes
Turn   | Place    | Note
-------+----------+-------------------------------------------
     0 | D:1      | Didimus the Human Ice Elementalist began the quest for the
                  | Orb.
     0 | D:1      | Reached XP level 1. HP: 13/13 MP: 3/3
   158 | D:1      | Found Tauguad's Book Shoppe.
   436 | D:1      | Reached XP level 2. HP: 17/19 MP: 1/5
   858 | D:2      | Identified 3 scrolls of acquirement
   858 | D:2      | Acquired a +2 helmet of intelligence
  1002 | D:2      | Found Jimangih's Jewellery Boutique.
  1049 | D:2      | Reached XP level 3. HP: 24/24 MP: 4/6
  1577 | D:3      | Reached XP level 4. HP: 30/30 MP: 2/7
  1630 | D:3      | Noticed Terence
  1645 | D:3      | Learned a level 3 spell: Ozocubu's Armour
  1649 | D:3      | Learned a level 3 spell: Frozen Ramparts
  1867 | D:3      | Reached skill level 1 in Shields
  1899 | D:3      | Found a faded altar of an unknown god.
  1907 | D:3      | Reached XP level 5. HP: 36/36 MP: 5/9
  2086 | D:3      | Reached skill level 5 in Ice Magic
  2330 | D:3      | Killed Terence
  2760 | D:1      | Bought a book of Geomancy for 180 gold pieces
  2762 | D:1      | Learned a level 1 spell: Sandblast
  2878 | D:4      | Found Wiocze's Neck Hole.
  2946 | D:4      | Noticed a phantom
  2986 | D:4      | Noticed an ogre
  3205 | D:4      | Reached skill level 3 in Spellcasting
  3217 | D:4      | Reached XP level 6. HP: 41/42 MP: 3/11
  3527 | D:4      | Killed an ogre
  3677 | D:4      | Reached skill level 4 in Spellcasting
  3677 | D:4      | Reached XP level 7. HP: 24/47 MP: 1/13
  3873 | D:5      | Entered Level 5 of the Dungeon
  3930 | D:5      | Reached skill level 1 in Short Blades
  3930 | D:5      | Reached skill level 1 in Armour
  4405 | D:5      | Reached skill level 1 in Earth Magic
  4703 | D:5      | Reached XP level 8. HP: 19/53 MP: 3/14
  5151 | D:6      | Learned a level 3 spell: Stone Arrow
  5345 | D:6      | Reached skill level 5 in Spellcasting
  5914 | D:6      | Noticed Dowan
  6041 | D:6      | Reached skill level 6 in Spellcasting
  6041 | D:6      | Noticed Edmund
  6053 | D:6      | Killed Edmund
  6054 | D:6      | Reached skill level 1 in Fighting
  6054 | D:6      | Reached XP level 9. HP: 58/59 MP: 8/18
  6622 | D:7      | Found a staircase to the Ecumenical Temple.
  6804 | D:7      | Reached skill level 1 in Throwing
  6824 | Temple   | Entered the Ecumenical Temple
  7049 | Temple   | Became a worshipper of Ashenzari the Shackled
  7419 | D:7      | Reached skill level 7 in Spellcasting
  8203 | D:8      | Reached skill level 1 in Conjurations
  8203 | D:8      | Reached skill level 1 in Evocations
  8206 | D:8      | Reached XP level 10. HP: 58/66 MP: 6/22
  8376 | D:8      | Reached skill level 8 in Spellcasting
  8588 | D:8      | Noticed Erica
  8595 | D:8      | Killed Erica
  8885 | D:8      | Found a sparkling altar of Nemelex Xobeh.
  8885 | D:8      | Found a glowing silver altar of Zin.
  8924 | D:8      | Reached * piety under Ashenzari
  8925 | D:8      | Gained mutation: Your natural rate of healing is unusually
                  | fast. [potion of mutation]
  8925 | D:8      | Gained mutation: Your muscles are strong. (Str +4, Int/Dex
                  | -1) [potion of mutation]
  8925 | D:8      | Gained mutation: You are partially covered in large bone
                  | plates. (SH +4) [potion of mutation]
  8934 | D:8      | Noticed Grum
  8939 | D:8      | Killed Grum
  9315 | D:9      | Noticed TheBioAlchemist's ghost (novice GnTm)
  9315 | D:9      | Identified the Exposition on Scree
  9346 | D:9      | Reached skill level 9 in Spellcasting
  9565 | D:9      | Learned a level 3 spell: Tukima's Dance
  9570 | D:9      | Learned a level 4 spell: Summon Ice Beast
  9945 | D:9      | Found a runed translucent door.
  9971 | D:9      | Reached XP level 11. HP: 72/72 MP: 20/25
 10111 | D:9      | Found a staircase to the Orcish Mines.
 10158 | Orc:1    | Entered Level 1 of the Orcish Mines
 10172 | Orc:1    | Reached skill level 1 in Long Blades
 10891 | Orc:2    | Entered Level 2 of the Orcish Mines
 10891 | Orc:2    | Noticed Josephine
 10891 | Orc:2    | Found a staircase to the Elven Halls.
 10910 | Orc:2    | Noticed a two-headed ogre
 10969 | Orc:2    | Killed a two-headed ogre
 11087 | Orc:2    | Noticed an orc high priest
 11104 | Orc:2    | Killed an orc high priest
 11109 | Orc:2    | Reached skill level 1 in Summonings
 11404 | Orc:2    | Reached ** piety under Ashenzari
 11792 | Orc:2    | Reached skill level 10 in Ice Magic
 11808 | Orc:2    | Noticed a cyclops
 11819 | Orc:2    | Killed a cyclops
 11820 | Orc:2    | Reached skill level 10 in Spellcasting
 11831 | Orc:2    | Noticed a two-headed ogre
 11840 | Orc:2    | Killed a two-headed ogre
 11845 | Orc:2    | Reached XP level 12. HP: 77/82 MP: 9/27
 11858 | Orc:2    | Noticed a two-headed ogre
 11868 | Orc:2    | Killed a two-headed ogre
 11874 | Orc:2    | Noticed a two-headed ogre
 11883 | Orc:2    | Killed a two-headed ogre
 11886 | Orc:2    | Reached skill level 5 in Long Blades
 11887 | Orc:2    | Noticed a two-headed ogre
 11937 | Orc:2    | Killed a two-headed ogre
 12112 | Orc:2    | Noticed a two-headed ogre
 12125 | Orc:2    | Killed a two-headed ogre
 12132 | Orc:2    | Noticed an iron troll
 12136 | Orc:2    | Noticed an ogre mage
 12383 | D:9      | Killed TheBioAlchemist's ghost
 12454 | D:10     | Entered Level 10 of the Dungeon
 12454 | D:10     | Found Rupsomp's Assorted Antiques.
 12499 | D:10     | Noticed Amaemon
 12513 | D:10     | Killed Amaemon
 12514 | D:10     | Reached skill level 5 in Earth Magic
 12520 | D:10     | Reached skill level 11 in Spellcasting
 12767 | D:10     | Noticed Harold
 12775 | D:10     | Killed Harold
 12776 | D:10     | Reached skill level 5 in Dodging
 13176 | D:10     | Reached XP level 13. HP: 68/90 MP: 20/30
 13190 | D:10     | Reached skill level 5 in Shields
 13371 | D:10     | Noticed Maggie
 13388 | D:10     | Killed Maggie
 13470 | D:10     | Found a radiant altar of Vehumet.
 13645 | D:10     | Found a basalt altar of Yredelemnul.
 13645 | D:10     | Identified the +8 bardiche of Quuri {speed, *Corrode rF+++
                  | Str-2 Dex+3}
 13645 | D:10     | Noticed Psyche
 13654 | D:10     | Killed Psyche
 13903 | D:10     | Learned a level 4 spell: Animate Armour
 14063 | D:10     | Noticed a centaur warrior
 14103 | D:10     | Killed a centaur warrior
 14520 | D:11     | Noticed a four-headed hydra
 14525 | D:11     | Noticed an eight-headed hydra
 14525 | D:11     | Noticed a fire dragon
 14526 | D:11     | Noticed a seven-headed hydra
 14617 | D:11     | Identified the +2 ring mail of Bigor {rPois rF+ Will+
                  | Int-2}
 14644 | D:11     | Reached skill level 12 in Spellcasting
 14659 | D:11     | Reached XP level 14. HP: 100/100 MP: 19/31
 14870 | Orc:2    | Killed Josephine
 14889 | Orc:2    | Identified the cursed +0 pair of boots "Cursed Together"
                  | {Range, Self} (You found it on level 9 of the Dungeon)
 14893 | Orc:2    | HP: 1/101 [ogre mage/bolt of magma (32)]
 14984 | Orc:2    | Acquired a +4 double sword of electrocution
 14987 | Orc:2    | Acquired the +0 pair of boots of Vanity {Int+4 Dex+4 SInv}
 15007 | Elf:1    | Entered Level 1 of the Elven Halls
 15104 | Orc:2    | Found Esmaocih's Magic Scroll Emporium.
 15114 | Orc:2    | Found Kebleid's Distillery.
 15141 | Orc:2    | Reached skill level 5 in Fighting
 15249 | Orc:2    | Found Zuerph's Antique Armour Boutique.
 15254 | Orc:2    | Found Ycsinayk's Assorted Antiques.
 15291 | Orc:2    | Bought a box of beasts for 1120 gold pieces
 15302 | Orc:2    | Bought a scroll of enchant weapon for 97 gold pieces
 15302 | Orc:2    | Bought a scroll of enchant weapon for 97 gold pieces
 15309 | Orc:2    | Bought a potion of curing for 42 gold pieces
 15368 | Elf:1    | Reached skill level 5 in Throwing
 15393 | Elf:1    | Killed from afar by a deep elf pyromancer

Illustrated notes

Levels and vault maps discovered:
D:1:      sevenhm_arrival_forest_fort_small_5, layout_loops_ring, serial_shops,
          shop
D:2:      layout_rooms, serial_shops, nicolae_shop_gaudy_bauble,
          skrybe_limestone_x
D:3:      layout_basic, serial_bayou, serial_bayou_pond_c, serial_bayou_shore_b,
          serial_bayou_lagoon_a, serial_bayou_pond_e, serial_bayou_pond_a,
          hellmonk_ecumenical_altar_blasted, minmay_misc_feat_columns,
          kennysheep_generic_room_15, uniq_terence
D:4:      cheibrodos_fertilizer, layout_loops_ring,
          nicolae_shop_sticking_my_neck_out
D:5:      layout_cave_pods, minmay_checkerbox
D:6:      layout_gridville, uniq_edmund, uniq_duvessa
D:7:      layout_cave_pods, temple_fountains, ebering_dispersal_statue_hall
D:8:      layout_gridville, mainiacjoe_overflow_large_starburst, uniq_erica,
          uniq_grum
D:9:      layout_gridville, minmay_orc_entry_temple_small,
          hellmonk_ghost_big_iron
D:10:     lemuel_vampire_tower, layout_small_grid, serial_shops, shop,
          minmay_ruined_shrine, uniq_harold, uniq_psyche, uniq_maggie,
          uniq_amaemon
D:11:     minmay_the_grid_octo_2x2 [minmay_the_grid_octo_focus,
          minmay_the_grid_octo_teeth, minmay_the_grid_octo_horde,
          minmay_the_grid_octo_prize_square_snowflake], layout_irregular_city,
          due_lair_maze_entry_diamond
Temple:   nicolae_temple_slightly_damp_pantheon
Orc:1:    layout_caves, basic_altar
Orc:2:    st_orc_open, layout_diamond_mine, basic_altar, abandoned_shop,
          nicolae_orc_rockfall, uniq_josephine
Elf:1:    nicolae_elf_arrival_no_cutting_in_line, layout_loops_corners,
          serial_shops, nicolae_shop_behind_doors,
          kennysheep_underground_church, fake_guardian_serpent_vault

Skill      XL: |  1  2  3  4  5  6  7  8  9 10 11 12 13 14 |
---------------+-------------------------------------------+-----
Shields        | 1 2 3 4 6 |  6.8
Ice Magic      | 5 6 7 8 10 11 | 11.6
Spellcasting   | 3 4 6 7 9 10 11 12 | 12.2
Short Blades   | 1 |  1.2
Armour         | 1 2 3 4 |  4.6
Earth Magic    | 1 2 3 4 5 |  5.5
Fighting       | 1 2 4 5 |  5.2
Throwing       | 1 2 3 4 5 |  5.0
Dodging        | 3 4 5 6 |  6.6
Stealth        | 3 |  3.8
Conjurations   | 1 2 |  2.9
Evocations     | 1 |  1.0
Long Blades    | 4 5 7 9 |  9.0
Summonings     | 1 2 |  2.1
Staves         | |  0.9
Unarmed Combat | |  0.3
Hexes          | |  0.1

Action                     |  1- 3 |  4- 6 |  7- 9 | 10-12 | 13-15 || total
---------------------------+-------+-------+-------+-------+-------++-------
  Melee: Unarmed           |     9 |       |       |       |       ||     9
         Short sword       |    38 |    55 |     1 |       |       ||    94
         Staff             |       |       |    51 |    10 |       ||    61
         Scimitar          |       |       |       |   175 |   308 ||   483
         Double sword      |       |       |       |       |    49 ||    49
  Throw: Dart              |       |       |    12 |    24 |     3 ||    39
         Boomerang         |       |       |     4 |    38 |    66 ||   108
         Javelin           |       |       |       |       |     1 ||     1
   Cast: Freeze            |    35 |    58 |    62 |    35 |       ||   190
         Sandblast         |       |     7 |    31 |    44 |     1 ||    83
         Ozocubu's Armour  |       |     3 |    14 |    30 |    28 ||    75
         Frozen Ramparts   |       |     5 |    14 |    49 |    31 ||    99
         Stone Arrow       |       |       |    14 |    31 |    40 ||    85
         Summon Ice Beast  |       |       |       |     8 |     2 ||    10
         Tukima's Dance    |       |       |       |       |     1 ||     1
 Invoke: Curse Item        |       |       |     1 |     2 |       ||     3
         Shatter the Chain |       |       |       |       |     1 ||     1
  Evoke: Wand              |       |       |     5 |       |       ||     5
         Box of beasts     |       |       |       |       |     1 ||     1
    Use: Scroll            |     4 |     1 |     7 |     4 |     8 ||    24
         Potion            |       |     1 |       |     3 |     7 ||    11
   Stab: Sleeping          |     3 |     3 |     2 |     2 |     1 ||    11
 Armour: Robe              |    19 |    11 |       |       |       ||    30
         Leather armour    |       |    24 |    55 |       |       ||    79
         Acid dragon scale |       |       |     1 |    91 |   173 ||   265
         Skin              |       |       |       |       |    46 ||    46
  Dodge: Dodged            |    46 |    45 |    83 |   165 |   261 ||   600
  Block: Buckler           |     5 |    19 |    29 |   141 |   254 ||   448
